 Dungeon Crawl Stone Soup version 0.25-a0-707-g603da07 (webtiles) character file.

Game seed: 5651922598306485892, levelgen mode: deterministic

30 BlueFish the Covered (level 3, -11/33 HPs)
             Began as a Minotaur Fighter on Apr 4, 2020.
             Engulfed by a cloud of flame (23 damage)
             ... on level 2 of the Dungeon.
             The game lasted 00:00:52 (786 turns).

BlueFish the Covered (Minotaur Fighter)              Turns: 786, Time: 00:00:52

Health: -11/33     AC:  7    Str: 20    XL:     3   Next: 5%
Magic:  2/2        EV:  9    Int:  5    God:
Gold:   113        SH:  0    Dex: 10    Spells: 2/2 levels left

rFire    . . .     SeeInvis .   a - +0 long sword
rCold    . . .     Gourm    .   (no shield)
rNeg     . . .     Faith    .   b - +0 scale mail
rPois    .         Spirit   .   (helmet restricted)
rElec    .         Reflect  .   (no cloak)
rCorr    .         Harm     .   (no gloves)
MR       .....                  (no boots)
Stlth    ..........             (no amulet)
HPRegen  0.11/turn              (no ring)
MPRegen  0.08/turn              (no ring)

@: no status effects
A: retaliatory headbutt, horns 2
a: no special abilities


You were on level 2 of the Dungeon.
You were not hungry.

You visited 1 branch of the dungeon, and saw 2 of its levels.

You collected 113 gold pieces.

Inventory:

Hand Weapons
 a - a +0 long sword (weapon)
Armour
 b - a +0 scale mail (worn)
 c - a +0 kite shield
 i - a +0 pair of gloves
Jewellery
 j - a cursed -3 ring of intelligence {unknown}
Potions
 d - a potion of might
 k - a potion of curing {unknown}
 l - a potion of mutation {unknown}
Comestibles
 f - 4 rations


   Skills:
 * Level 3.9 Fighting
 * Level 3.1 Long Blades
 * Level 4.2 Armour
 + Level 4.0 Shields


You had 2 spell levels left.
You didn't know any spells.
Your spell library was empty.

Dungeon Overview and Level Annotations

Branches:
Dungeon (2/15)

Altars:


Innate Abilities, Weirdness & Mutations

You reflexively headbutt those who attack you in melee.
You have a pair of horns on your head.


Message History

You now have 113 gold pieces (gained 8).
A rat comes into view.
As you read the scroll labeled WAUTUNETUE, it crumbles to dust.
You feel aware of your surroundings.
You sensed 1 altar.
It was a scroll of magic mapping.
As you read the scroll labeled TEHU CI USU, it crumbles to dust.
You feel blessed for a moment.
It was a scroll of remove curse.
As you read the scroll labeled NEOKHL ZYOFIS, it crumbles to dust.
The creatures around you are filled with an inner flame!
It was a scroll of immolation.
A leopard gecko and a worm come into view.
The leopard gecko hisses angrily.
The rat bites you but does no damage.
You hit the rat.
The rat explodes!
The fiery explosion engulfs you!!
Ouch! That really hurt!
You are engulfed in blazing flames.
Ouch! That really hurt!
You die...

*,***,** #.# *,* *, *,*
*,* #.# *,* *, *,*
*,*####.# *,* *, *,*
*,,.....#####*,# *,
*,*#######......##.###**
*,*#...........(......,,
*#.##...?.#............,,
*...l.....##..<..######**
*#.##..§@§##.....#
**#....§§##.#.###
*#...#§####.#%#
*#......***#.#.#******
*.......,,,#....,,,,,***
*#.w....**,.....,,,,,,,*
**#......*****#.#****,*,*
*,,......* *,*****,*,**
*,*,*,*,** *,,,,,,,,,,,


You could see a leopard gecko.

Vanquished Creatures
  A leopard gecko (D:1)
  A giant cockroach (D:1)
  5 goblins (D:1)
  3 hobgoblins (D:1)
  4 jackals (D:1)
  5 kobolds
  4 frilled lizards (D:1)
  4 rats
27 creatures vanquished.

Notes
Turn   | Place    | Note
-------+----------+-------------------------------------------
     0 | D:1      | BlueFish the Minotaur Fighter began the quest for the Orb.
     0 | D:1      | Reached XP level 1. HP: 19/19 MP: 0/0
    60 | D:1      | Reached XP level 2. HP: 27/27 MP: 1/1
   443 | D:1      | Reached XP level 3. HP: 28/33 MP: 2/2
   786 | D:2      | Engulfed by a cloud of flame

Levels and vault maps discovered:
D:1:      saegor_arrival_miasma, layout_rooms, serial_forest,
          infiniplex_forest_clump_small, infiniplex_forest_fountain,
          infiniplex_forest_clump_small, infiniplex_forest_pool,
          infiniplex_forest_clump_curved, infiniplex_forest_clump_tiny,
          infiniplex_forest_lined_corner
D:2:      layout_loops_ring, first_ration, grunt_qazlal_clouds

Skill      XL: |  1  2 |
---------------+-------+-----
Armour         | 4 |  4.2
Long Blades    | 3 |  3.1
Shields        | 4 |  4.0
Fighting       | |  3.9

Action                   || total
-------------------------++-------
Melee: Long sword        ||    50
       Headbutt          ||     4
  Use: Scroll            ||     3
Armor: Scale mail        ||    25
Dodge: Dodged            ||    34
       Rpst.: Long sword ||     6

Table legend:
 A = Non-vault XP
 B = Vault XP
 C = Vault XP percentage of total XP
 D = Non-vault monster count
 E = Vault monster count
 F = Vault count percentage of total count
                 A         B        C        D         E       F
            +---------+---------+-------+---------+---------+-------
      Total |      44 |       0 |   0.0 |      27 |       0 |   0.0
            +---------+---------+-------+---------+---------+-------
        D:1 |      41 |       0 |   0.0 |      24 |       0 |   0.0
        D:2 |       3 |       0 |   0.0 |       3 |       0 |   0.0
            +---------+---------+-------+---------+---------+-------
